 Dungeon Crawl Stone Soup version 0.29-a0-334-gb41bcbb86e (webtiles) character file.

Game seed: 18419000140707472505

847 dave1331 the Skirmisher (level 8, -2/68 (71) HPs)
             Began as a Hill Orc Fighter on Apr 16, 2022.
             Was a High Priest of Jiyva.
             Slain by a wight
             ... wielding a +0 great sword
              (11 damage)
             ... on level 7 of the Dungeon.
             The game lasted 00:22:09 (1908 turns).

dave1331 the Skirmisher (Hill Orc Fighter)          Turns: 1908, Time: 00:22:10

HP:   -2/68 (71)    AC:  9    Str: 24    XL:     8   Next: 0%
MP:   8/8           EV: 10    Int:  8    God:    Jiyva [*****.]
Gold: 182           SH:  5    Dex: 10    Spells: 7/7 levels left

rFire   + . .      SeeInvis +   f - +8 dagger "Heojeqi" {speed, Will+ Str+3 SInv}
rCold   + . .      Faith    .   c - +0 buckler
rNeg    + . .      Spirit   .   m - +0 ring mail {rN+}
rPois   .          Reflect  .   (no helmet)
rElec   .          Harm     .   (no cloak)
rCorr   +          Rampage  .   (no gloves)
Will    +....                   (no boots)
Stlth   ..........              (no amulet)
HPRegen 1.65/turn               k - ring of protection from fire
MPRegen 0.56/turn               (no ring)

@: lightly drained
A: hooves 1, shaggy fur 3
a: Renounce Religion, Oozemancy, Slimify


You were on level 7 of the Dungeon.
You worshipped Jiyva.
Jiyva was extremely pleased with you.
You visited 1 branch of the dungeon, and saw 7 of its levels.
You also visited: Sewer and Ossuary.

You collected 182 gold pieces.

Inventory:

Hand Weapons
 a - a +0 war axe
 e - a +0 dagger
 f - the +8 dagger "Heojeqi" (weapon) {speed, Will+ Str+3 SInv}
   (You found it on level 2 of the Dungeon)

   Attacks with this weapon are significantly faster.
   Str:       It affects your strength (+3).
   SInv:      It lets you see invisible.
   Will:      It increases your willpower.
 n - a +0 long sword
Missiles
 l - a throwing net (quivered)
Armour
 b - a +0 scale mail
 c - a +0 buckler (worn)
 j - a +0 ring mail
 m - a +0 ring mail of positive energy (worn)
Jewellery
 k - a ring of protection from fire (left hand)
Scrolls
 g - 2 scrolls of identify {unknown}
 h - 2 scrolls of enchant armour {unknown}
 o - a scroll of magic mapping {unknown}
Potions
 d - a potion of flight {unknown}
 i - a potion of attraction {unknown}


   Skills:
 + Level 6.3 Fighting
 + Level 6.2 Axes
 + Level 5.7 Armour
 + Level 5.8 Shields


You had 7 spell levels left.
You didn't know any spells.
Your spell library contained the following spells:

 Spells                   Type           Power      Damage    Failure   Level
 Animate Armour           Summ/Erth      0%         N/A       100%        4
 Blade Hands              Tmut           0%         N/A       100%        5
 Iron Shot                Conj/Erth      0%         9d1       100%        6


Dungeon Overview and Level Annotations

Branches:
Dungeon (7/15)             Temple (0/1) D:5           Sewer (visited)
Ossuary (visited)

Altars:
Gozag
Kikubaaqudgha
Jiyva

Shops:
D:3 (


Innate Abilities, Weirdness & Mutations

You have large cloven feet.
Your thick and shaggy fur keeps you warm. (AC +3, rC+)


Message History

You block the wight's attack. The wight closely misses you.
You puncture the wight! You kick the wight.
The wight is almost destroyed.
You block the wight's attack. The wight hits you but does no damage.
You hit the wight.
You destroy the wight!
The wight hits you from afar with a +4 spear of freezing!
You partially resist.
You feel drained. The wight freezes you.
Your life force feels restored.
You hit the wight but do no damage. Your kick misses the wight.
You barely miss the wight. You kick the wight.
The wight is lightly damaged.
The wight hits you with a +0 battleaxe! You partially resist.
You feel drained. You block the wight's attack.
You hit the wight. Your kick misses the wight.
The wight is lightly damaged.
The wight closely misses you.
The wight hits you from afar with a +4 spear of freezing.
You partially resist.
You feel drained.
You hit the wight.
The wight is heavily damaged.
You hit the wight. Your kick misses the wight.
The wight is severely damaged.
You block the wight's attack. The wight hits you but does no damage.
You hit the wight.
The wight is severely damaged.
The wight hits you from afar with a +4 spear of freezing!
You partially resist.
You feel drained. The wight freezes you.
The wight hits you with a +0 battleaxe!
* * * LOW HITPOINT WARNING * * *
You hit the wight.
You destroy the wight!
You have reached level 8!
You barely miss the wight. Your kick misses the wight.
The wight hits you from afar with a +4 spear of freezing!
* * * LOW HITPOINT WARNING * * *
You partially resist.
You feel drained.
* * * LOW HITPOINT WARNING * * *
The wight hits you with a +0 great sword!
You die...

##...# ...
[...###.....
....##...#
#.#.##...#...#
#<#.##...#._.#
##.......# ...#
#....)...##≈≈≈#
#.##.##..$#...#
#. #)##..@#._.#
#. #.....z#)..#
#. ####.#.z# #.
#.#.## #. .....
###.... #....#
####.# ..


You could see 2 wights.

Vanquished Creatures
  3 centaurs
  A scorpion (D:6)
  2 wights (D:7)
  3 howler monkeys (D:6)
  A hound (D:6)
  2 iguanas
  4 orc wizards
  3 adders
  3 gnolls (D:5)
  A worm (D:2)
  6 orcs
  3 bats (D:1)
  A giant cockroach (D:4)
  2 hobgoblins (D:4)
  2 kobolds
  2 quokkas
  4 ball pythons
  3 frilled lizards
  2 gnoll zombies (Ossuary)
  5 goblins
  2 hobgoblin zombies (Ossuary)
  2 kobold zombies (Ossuary)
  5 rats
62 creatures vanquished.

Vanquished Creatures (others)
  A bullfrog (D:6)
  A hound (D:6)
  A worm (D:2)
  An orc (D:3)
  2 ball pythons
  2 giant cockroaches (D:2)
  A goblin (D:4)
  3 hobgoblins
  3 kobolds
  A quokka (D:3)
  A frilled lizard (D:1)
  A rat (D:2)
  A butterfly (D:5)
19 creatures vanquished.

Grand Total: 81 creatures vanquished

Notes
Turn   | Place    | Note
-------+----------+-------------------------------------------
     0 | D:1      | dave1331 the Hill Orc Fighter began the quest for the Orb.
     0 | D:1      | Reached XP level 1. HP: 19/19 MP: 1/1
   133 | D:1      | Found a faded altar of an unknown god.
   160 | D:1      | Reached XP level 2. HP: 11/27 MP: 2/2
   230 | D:1      | Prayed at the altar of an unknown god.
   230 | D:1      | Became a worshipper of Jiyva Juenilac the Shapeless
   230 | D:1      | Reached * piety under Jiyva
   383 | D:2      | Identified the +8 dagger "Heojeqi" {speed, Will+ Str+3
                  | SInv}
   454 | D:2      | Reached ** piety under Jiyva
   540 | D:3      | Found Furenog's Antique Weapon Shop.
   767 | D:3      | Reached XP level 3. HP: 33/33 MP: 3/3
   803 | D:4      | Reached XP level 4. HP: 29/40 MP: 4/4
   807 | D:4      | Reached *** piety under Jiyva
   876 | D:4      | Gained mutation: You are covered in fur. (AC +1) [Jiyva's
                  | grace]
   876 | D:4      | Gained mutation: You are covered in thick fur. (AC +2)
                  | [Jiyva's grace]
   876 | D:4      | Gained mutation: Your thick and shaggy fur keeps you warm.
                  | (AC +3, rC+) [Jiyva's grace]
   876 | D:4      | Gained mutation: You have large cloven feet. [Jiyva's
                  | grace]
   900 | D:4      | Found a glowing drain.
   904 | Sewer    | Entered a sewer
   986 | D:4      | Reached XP level 5. HP: 42/47 MP: 5/5
  1029 | D:4      | Found a sand-covered staircase.
  1034 | Ossuary  | Entered an ossuary
  1117 | D:5      | Entered Level 5 of the Dungeon
  1210 | D:5      | Reached **** piety under Jiyva
  1224 | D:5      | Noticed a centaur
  1235 | D:5      | Killed a centaur
  1236 | D:5      | Reached skill level 5 in Fighting
  1236 | D:5      | Reached XP level 6. HP: 41/56 MP: 6/6
  1291 | D:5      | Found a staircase to the Ecumenical Temple.
  1505 | D:6      | Reached skill level 5 in Axes
  1547 | D:6      | Reached skill level 5 in Shields
  1555 | D:6      | Reached skill level 5 in Armour
  1555 | D:6      | Reached XP level 7. HP: 54/61 MP: 7/7
  1736 | D:6      | Reached ***** piety under Jiyva
  1890 | D:7      | Found an opulent altar of Gozag.
  1891 | D:7      | Found an ancient bone altar of Kikubaaqudgha.
  1905 | D:7      | Reached XP level 8. HP: 13/69 MP: 8/8
  1908 | D:7      | Slain by a wight

Illustrated notes

Levels and vault maps discovered:
D:1:      minmay_arrival_four_circles, layout_rooms,
          hellmonk_ecumenical_altar_run_dry
D:2:      layout_rooms
D:3:      layout_loops_corners, serial_shops, shop, kennysheep_generic_room_16
D:4:      layout_rooms, gup_sewer_entry_bowl, enter_ossuary_5, fountainhead
D:5:      nicolae_cairo_tiling_large_dashed, layout_cave_pools,
          minmay_temple_entry_butterflies, kennysheep_cluttered_room,
          corexii_mini_fake_secret_closet
D:6:      layout_basic, hangedman_decor_clover_reticule, lemuel_another_geyser
D:7:      layout_loops_cross, mainiacjoe_overflow_divided_tiny, nzn_random_ring,
          uniq_pikel

Skill      XL: |  1  2  3  4  5  6  7 |
---------------+----------------------+-----
Axes           | 3 4 5 6 |  6.2
Fighting       | 4 5 6 |  6.3
Shields        | 4 5 |  5.8
Armour         | 4 5 |  5.7

Action                   |  1- 3 |  4- 6 |  7- 9 || total
-------------------------+-------+-------+-------++-------
Melee: War axe           |    53 |       |       ||    53
       Dagger            |    25 |    94 |    59 ||   178
       Kick              |       |    24 |    17 ||    41
  Use: Potion            |     1 |       |       ||     1
       Scroll            |     1 |       |       ||     1
Armor: Scale mail        |    32 |     7 |       ||    39
       Ring mail         |       |    16 |    19 ||    35
Dodge: Dodged            |    43 |    30 |    22 ||    95
Block: Buckler           |    14 |    21 |    11 ||    46

Table legend: (Time is in decaauts)
 A = Elapsed time spent in this place.
 B = Non-inter-level travel time spent in this place.
 C = Inter-level travel time spent in this place.
 D = Time resting spent in this place.
 E = Time spent auto-exploring this place.
 F = Levels seen in this place.
 G = Mean time per level.
                   A        B        C        D        E       F      G
               +--------+--------+--------+--------+--------+-----+--------+
         Total |   1882 |    646 |   1236 |      0 |      0 |   9 |  209.1 |
       Dungeon |   1830 |    594 |   1236 |      0 |      0 |   7 |  261.4 |
         Sewer |     14 |     14 |      0 |      0 |      0 |   1 |   14.0 |
       Ossuary |     36 |     36 |      0 |      0 |      0 |   1 |   36.0 |
               +--------+--------+--------+--------+--------+-----+--------+

Top non-repeatable levels by time:
     D:6: 388 daAuts
     D:5: 328 daAuts
     D:3: 308 daAuts
     D:4: 283 daAuts
     D:1: 269 daAuts
     D:2: 213 daAuts
     D:7: 39 daAuts
 Ossuary: 36 daAuts
   Sewer: 14 daAuts
